[Event "*** SCC Grand Prix: Titled Tuesday Blitz"]
[Site "Chess.com"]
[Date "2020.06.23"]
[Round "8"]
[White "PattyCastillo"]
[Black "floplover"]
[Result "0-1"]
[WhiteElo "1930"]
[BlackElo "2227"]
[TimeControl "180+1"]
[EndTime "11:35:37 PDT"]
[Termination "floplover won on time"]

1. d4 d5 2. Nf3 e6 3. e3 Nf6 4.
Bd3 c5 5. b3 b6 6. Bb2 Bb7 7.
Nbd2 Nbd7 8. O-O Bd6 9. Ne5 O-O 10. f4 Ne4 11. Nxe4 dxe4 12. Bc4 Qe7 13. Nxd7 Qxd7 14. dxc5 bxc5 15. Qg4 f5 16. Qh5 Be7 17. Rad1 Qc6 18. Rd2 Rad8 19. Rfd1 Rxd2 20. Rxd2 Bc8 21. Qd1 Ba6 22.
Rd7 Re8 23. Bxa6 Qxa6 24. a4 Qb6 25. Qd2 a6 26. Qc3 e5 27. Qxe5 Qf6 28. Qxf6 gxf6 29. Kf2 Kf7 30. Ra7 Rd8 31. Rxa6 Rd2+ 32. Ke1 Rxc2 33. Ba3 Rxg2 34. a5 Rxh2 35. Ra7 Ke6 36. a6 Ra2 0-1

[Event "*** SCC Grand Prix: Titled Tuesday Blitz"]
[Site "Chess.com"]
[Date "2020.06.23"]
[Round "8"]
[White "NTBT_DHS"]
[Black "MateSchmate"]
[Result "0-1"]
[WhiteElo "2615"]
[BlackElo "2484"]
[TimeControl "180+1"]
[EndTime "11:35:39 PDT"]
[Termination "MateSchmate won by checkmate"]

1. d4 c5 2. c4 cxd4 3. Qxd4 Nc6 4. Qd2 e5 5. a3 Nf6 6. Nc3 a5 7. b3 Bc5 8. e3 d6 9. g3 O-O 10. Bg2 Bf5 11. Bb2 Rc8 12. Nge2 Re8 13. h3 h5 14. g4 hxg4 15. Ng3 Bg6 16. hxg4 Nxg4 17. Nd5 Ne7 18.
Bh3 f5 19. f3 Nxd5 20. Qxd5+ Bf7 21. Qd3 Nxe3 22. Nxf5 Nxf5 23. Bxf5 Rc7 24. O-O-O b5 25. Bh7+ Kf8 26. Kb1 bxc4 27. Qf5 Qf6 28. Qg4 cxb3 29. Be4 d5 30. Rh8+ Ke7 31. Rxe8+ Kxe8 32. Bd3 d4 33. Rh1 Ke7 34. Bc1 Qe6 35. Qh4+ Kd7 36. Qg5 Kc6 37.
Be4+ Kb6 38. Bb2 Bxa3 39. Qxg7 Bxb2 40. Kxb2 Qc4 41. Qf6+ Ka7 42. Qxe5 Qc3+ 43. Kb1 b2 44.
Qb5 Qc1+ 45. Rxc1 bxc1=Q# 0-1

[Event "*** SCC Grand Prix: Titled Tuesday Blitz"]
[Site "Chess.com"]
[Date "2020.06.23"]
[Round "8"]
[White "Shubinkirill2003"]
[Black "Moon_stone123"]
[Result "0-1"]
[WhiteElo "2605"]
[BlackElo "2481"]
[TimeControl "180+1"]
[EndTime "11:35:39 PDT"]
[Termination "Moon_stone123 won on time"]

1. e4 c5 2. Nf3 d6 3. d4 cxd4 4. Qxd4 a6 5. h3 Nc6 6. Qe3 g6 7. c4 Bg7 8. Be2 Nf6 9. Nc3 O-O 10. O-O Nd7 11. Rd1 Nc5 12. Rb1 a5 13. b3 Bxc3 14. Qxc3 Nxe4 15. Qb2 e5 16. Bh6 Re8 17. Rd3 Bf5 18.
Rbd1 Qe7 19. g4 Be6 20. Re3 f5 21. c5 Nxc5 22. gxf5 Bxf5 23. Bc4+ Be6 24. Qc2 Rad8 25. Ng5 Kh8 26. Rg3 b5 27. Bxe6 Nb4 28. Nf7+ Kg8 29. Nxd8+ Nxe6 30. Qd2 Rxd8 31. f4 Nd4 32. Re1 Qh4 33.
Qg2 Qxh6 34. fxe5 dxe5 35. Rxe5 Nbc6 36. Rd5 Re8 37. Rd6 Ne2+ 38. Kh2 Qf4 39. Qd5+ Kg7 40. Rd7+ Kh6 0-1

[Event "*** SCC Grand Prix: Titled Tuesday Blitz"]
[Site "Chess.com"]
[Date "2020.06.23"]
[Round "8"]
[White "iverichighladze"]
[Black "Roman_Ovetchkin"]
[Result "0-1"]
[WhiteElo "2440"]
[BlackElo "2563"]
[TimeControl "180+1"]
[EndTime "11:35:39 PDT"]
[Termination "Roman_Ovetchkin won by checkmate"]

1. d4 Nf6 2. c4 g6 3. Nc3 Bg7 4. e4 d6 5. f3 e5 6. d5 Nh5 7.
Be3 O-O 8. Qd2 Qh4+ 9. g3 Nxg3 10. Qf2 Nxf1 11. Qxh4 Nxe3 12. Ke2 Nc2 13. Rf1 Na6 14.
Kd2 Nd4 15. Nge2 f5 16. Nxd4 exd4 17. Nb5 Bd7 18. Nxc7 Nxc7 19. Qe7 Rf7 20. Qxd6 Na6 21. Qa3 Bh6+ 22. Kd1 Raf8 23. e5 Rc8 24. e6 Bxe6 25. dxe6 Rfc7 26. b3 Nc5 27. Re1 Re8 28. Qxa7 Be3 29.
Rxe3 dxe3 30. Ke2 Nxe6 31. f4 Nxf4+ 32. Kf3 g5 33. h4 Rd7 34. hxg5 Ng6 35. Qa4 Rde7 36.
Re1 e2 37. Qb5 Re3+ 38. Kf2 R3e4 39. Qxb7 Ne5 40. Qd5+ Kg7 41. Rxe2 Ng4+ 42. Kf3 Rxe2 43. Qd7+ R8e7 44. Qd4+ Kg6 45. Qb6+ Kxg5 46. Qd8 Rf2+ 47. Kg3 f4+ 48. Kh3 Rh2# 0-1

[Event "*** SCC Grand Prix: Titled Tuesday Blitz"]
[Site "Chess.com"]
[Date "2020.06.23"]
[Round "8"]
[White "ferdipy"]
[Black "timator"]
[Result "0-1"]
[WhiteElo "2378"]
[BlackElo "2557"]
[TimeControl "180+1"]
[EndTime "11:35:40 PDT"]
[Termination "timator won by resignation"]

1. e4 c5 2. d4 cxd4 3. c3 Nf6 4. e5 Nd5 5. cxd4 e6 6. Nf3 Nc6 7. a3 Be7 8. Bd3 a6 9. O-O b5 10. Bd2 Bb7 11. Nc3 Nxc3 12. Bxc3 Rc8 13. Qe2 d5 14.
Rac1 O-O 15. b4 Nb8 16. Bd2 Nd7 17. Rxc8 Bxc8 18. g3 Nb6 19. h4 Nc4 20. Bc1 g6 21. h5 a5 22. Kg2 g5 23. h6 Kh8 24. Rh1 axb4 25. axb4 Bb7 26. Rh5 Rg8 27. Bb1 Bc6 28.
Qd3 Rg6 29. Nxg5 Bxg5 30. Bxg5 Qf8 31. Bf6+ Kg8 32. Qf3 Qxb4 33. Bxg6 fxg6 34. Rh4 Nd2 35. Qf4 Ne4 36. Bg7 g5 37. Qf6 Nxf6 38. exf6 gxh4 39. g4 Kf7 40. g5 Qxd4 41. g6+ Kxg6 42. f7 0-1

[Event "*** SCC Grand Prix: Titled Tuesday Blitz"]
[Site "Chess.com"]
[Date "2020.06.23"]
[Round "8"]
[White "BogdanDeac"]
[Black "Tooweak2slow03"]
[Result "0-1"]
[WhiteElo "2800"]
[BlackElo "2668"]
[TimeControl "180+1"]
[EndTime "11:35:41 PDT"]
[Termination "Tooweak2slow03 won on time"]

1. e4 e6 2. d4 d5 3. Nc3 h6 4.
Bd3 Nc6 5. Nf3 Nb4 6. Be2 Nf6 7. e5 Ne4 8. a3 Nxc3 9. bxc3 Na6 10. c4 c5 11.
cxd5 exd5 12. O-O cxd4 13. Bxa6 bxa6 14. Nxd4 Bc5 15. Be3 Bxd4 16. Qxd4 O-O 17. Qd3 Be6 18. f4 g6 19. f5 Bxf5 20. Rxf5 gxf5 21. Qxf5 Qh4 22.
Rf1 Kh8 23. g3 Qe4 24. Qf6+ Kh7 25. Qxh6+ Kg8 26. Rf6 Qxe5 27. Bf4 Qe1+ 28. Kg2 Qe4+ 29. Kf2 Qxc2+ 30. Bd2 Qh7 31. Qg5+ Qg7 32. Qf5 Kh8 33. Rh6+ Kg8 34. Rh4 Rae8 35. Rg4 Qg6 36. Qf3 Kh7 37.
Kg2 Qe6 38. Rh4+ Kg7 0-1

[Event "*** SCC Grand Prix: Titled Tuesday Blitz"]
[Site "Chess.com"]
[Date "2020.06.23"]
[Round "8"]
[White "dodorox"]
[Black "pitterson"]
[Result "1-0"]
[WhiteElo "2051"]
[BlackElo "2306"]
[TimeControl "180+1"]
[EndTime "11:35:41 PDT"]
[Termination "dodorox won on time"]

1. d4 d6 2. c4 Nd7 3. Nc3 Ngf6 4. e4 e5 5. d5 Be7 6. g3 O-O 7. Bg2 a5 8. Nge2 Nc5 9. O-O Ne8 10. f4 exf4 11.
Bxf4 f5 12. Nd4 Bf6 13. Nxf5 Bxf5 14. exf5 Bxc3 15. bxc3 Rxf5 16. Bh3 Rf8 17. Qd4 Qf6 18. Rae1 Qxd4+ 19. cxd4 Nd3 20. Re7 Nxf4 21. Rxf4 Rxf4 22. gxf4 Kf8 23. Rd7 a4 24. Be6 Nf6 25. Rxc7 a3 26.
Rf7+ Ke8 27. Rxg7 Ra4 28. Rxb7 Rxc4 29. Ra7 Rxd4 30. Rxa3 Rxf4 31. Ra8+ Ke7 32. Ra7+ Kf8 33. Rf7+ Ke8 34. a4 Nxd5 35. Bxd5 Rxf7 36. Bxf7+ Kxf7 37. a5 d5 38. a6 d4 39. a7 d3 40. a8=Q d2 41. Qa1 1-0

[Event "*** SCC Grand Prix: Titled Tuesday Blitz"]
[Site "Chess.com"]
[Date "2020.06.23"]
[Round "8"]
[White "simplerXiao"]
[Black "Korchmar_Vasiliy"]
[Result "0-1"]
[WhiteElo "2448"]
[BlackElo "2609"]
[TimeControl "180+1"]
[EndTime "11:35:42 PDT"]
[Termination "Korchmar_Vasiliy won by checkmate"]

1. Nf3 d5 2. g3 g6 3. Bg2 Bg7 4. O-O e5 5. c4 c6 6. d4 e4 7. Ne1 Ne7 8. Nc3 O-O 9. Bg5 f6 10. Bf4 Be6 11. b4 Nd7 12. b5 Nb6 13. c5 Nc4 14.
Nc2 g5 15. Bc1 Qa5 16. Qe1 cxb5 17. Ne3 Nxe3 18. Bxe3 Nf5 19. Bd2 Qd8 20. Nxb5 a6 21. Nd6 Nxd6 22. cxd6 f5 23. Rb1 b5 24. e3 f4 25.
exf4 gxf4 26. Bxf4 Rxf4 27. gxf4 Qxd6 28. Qe3 Bh6 29.
Qg3+ Kh8 30. f5 Bf4 31. Qh3 Bd7 32. Kh1 Qf6 33. Qg4 Bd6 34. h3 Bxf5 35. Qh5 Be6 36. Rbc1 Qf4 37. Qe5+ Bxe5 38. dxe5 Qxe5 39. Rc6 Rf8 40.
f4 exf3 41. Bxf3 Bxh3 42. Rf2 Qe1+ 43. Kh2 Qxf2+ 44. Kxh3 Qxf3+ 45. Kh4 d4 46. Kg5 Qxc6 47. a4 Qg6+ 48. Kh4 Rf5 49. Kh3 Rh5# 0-1

[Event "*** SCC Grand Prix: Titled Tuesday Blitz"]
[Site "Chess.com"]
[Date "2020.06.23"]
[Round "8"]
[White "elamier"]
[Black "Lenyas66"]
[Result "0-1"]
[WhiteElo "2331"]
[BlackElo "2510"]
[TimeControl "180+1"]
[EndTime "11:35:42 PDT"]
[Termination "Lenyas66 won on time"]

1. d4 e6 2. Nf3 Nf6 3. Nbd2 c5 4. e3 Nc6 5. c3 d5 6. Bd3 Bd6 7. O-O O-O 8. dxc5 Bxc5 9. e4 Qc7 10.
Qe2 Bb6 11. e5 Nd7 12. Re1 f6 13. exf6 Nxf6 14. Nb3 h6 15. Nbd4 Ng4 16. h3 Rxf3 17.
hxg4 Rf8 18. Be3 e5 19. Nb5 Qe7 20. Bxb6 axb6 21. Bc2 e4 22. Bb3 Be6 23. Rad1 Rad8 24. c4 dxc4 25. Bxc4 Rxd1 26. Rxd1 Bxc4 27. Qxc4+ Kh8 28. Qe2 Qf6 29. Nd6 Nd4 30. Qxe4 Qxf2+ 31. Kh1 Ne2 32. Nf7+ Qxf7 33. Qxe2 Qxa2 34. Rd7 Qb1+ 35.
Kh2 Qg6 36. Rxb7 Re8 37. Qf3 Qd6+ 38. Qg3 Qc5 39. Qf4 Rf8 40. Qg3 b5 41. Rd7 Qg5 0-1

[Event "*** SCC Grand Prix: Titled Tuesday Blitz"]
[Site "Chess.com"]
[Date "2020.06.23"]
[Round "8"]
[White "Azoulas1"]
[Black "Vandros57"]
[Result "0-1"]
[WhiteElo "2009"]
[BlackElo "2156"]
[TimeControl "180+1"]
[EndTime "11:35:42 PDT"]
[Termination "Vandros57 won on time"]

1. e4 c5 2. Nf3 e6 3. d4 cxd4 4.
Nxd4 Nf6 5. Nc3 Nc6 6. Ndb5 Bb4 7. a3 Bxc3+ 8. Nxc3 d5 9. exd5 exd5 10. Bg5 O-O 11. Be2 d4 12. Nb1 Qa5+ 13. Bd2 Qe5 14.
O-O Re8 15. Bf3 Bg4 16. Bxg4 h5 17. Bf3 Rac8 18. Bb4 Nxb4 19. axb4 a6 20. Nd2 Nd5 21. Ra5 b5 22. Bxh5 Nxb4 23. Bf3 Rxc2 24. Ne4 d3 25. Re1 Rec8 26. Ra1 Qxb2 27. Rb1 Qd4 28. Bg4 Rd8 29. Qf3 Nd5 30. Rbd1 Nb4 31. Bf5 g6 32. Bh3 Kg7 33. Ng5 Qf6 34. Qxf6+ Kxf6 35. Ne4+ Kg7 36. f3 a5 37. Rd2 a4 38. Red1 a3 39. Kf2 a2 0-1

[Event "*** SCC Grand Prix: Titled Tuesday Blitz"]
[Site "Chess.com"]
[Date "2020.06.23"]
[Round "8"]
[White "juniortay"]
[Black "Grieve72"]
[Result "1-0"]
[WhiteElo "2407"]
[BlackElo "2251"]
[TimeControl "180+1"]
[EndTime "11:35:43 PDT"]
[Termination "juniortay won by resignation"]

1. e4 c5 2. Nf3 e6 3. d4 cxd4 4. Bg5 Qa5+ 5. c3 Nc6 6. b4 Qb6 7. b5 Na5 8. Nxd4 Nf6 9. Bd3 Bc5 10. Be3 d5 11. Nd2 dxe4 12. Nxe4 Nxe4 13. Bxe4 Nc4 14. O-O Nxe3 15. fxe3 O-O 16. a4 e5 17. Qh5 f5 18. Nxf5 Bxe3+ 19. Kh1 Bxf5 20. Rxf5 g6 21. Rxf8+ Rxf8 22. Qg4 Qf6 23. Bf3 b6 24.
Rd1 Bc5 25. Rf1 Kg7 26. Rd1 h5 27. Qe4 Rf7 28. Rd3 Qf5 29. Qxf5 gxf5 30. Bxh5 Re7 31. g3 e4 32. Rd1 Kf6 33. Kg2 Ke6 34. Be2 Rd7 35. Bc4+ Ke7 36. Rxd7+ Kxd7 37. h4 Ke7 38. Bd5 Kf6 39. g4 Ke5 40. g5 Kxd5 41. h5 Ke6 42. Kg3 Bd6+ 43. Kf2 Bf4 44. g6 Kf6 45. c4 Bh6 46. a5 Ke5 47. c5 Kd5 48. cxb6 axb6 49. a6 Kc5 50. a7 e3+ 51. Ke1 f4 1-0

[Event "*** SCC Grand Prix: Titled Tuesday Blitz"]
[Site "Chess.com"]
[Date "2020.06.23"]
[Round "8"]
[White "MaxVavulin"]
[Black "rynos0411"]
[Result "1-0"]
[WhiteElo "2547"]
[BlackElo "2369"]
[TimeControl "180+1"]
[EndTime "11:35:44 PDT"]
[Termination "MaxVavulin won by resignation"]

1. e4 d6 2. d4 Nf6 3. Nc3 c6 4. Bg5 Qa5 5. Qd2 Nbd7 6. f4 h6 7. Bh4 e5 8. Nf3 Be7 9. Bf2 O-O 10. Bd3 Qc7 11. O-O Ng4 12. Bg3 exd4 13. Nxd4 Qb6 14.
Be2 Bf6 15. Rfd1 h5 16. h3 h4 17. Be1 Nh6 18. Rab1 Nc5 19. Kh1 Re8 20. Bf3 Bd7 21.
Bf2 Rad8 22. b4 Na6 23. b5 Bxd4 24. Bxd4 Nc5 25. bxc6 Qxc6 26. e5 Qc8 27. exd6 Nf5 28. Bf2 b6 29. Nd5 Bc6 30. c4 Qb7 31. Re1 Rxe1+ 32.
Rxe1 Ne6 33. Kg1 b5 34. Qc3 bxc4 35. Qxc4 Bb5 36. Qc3 Qa6 37. Ne7+ Nxe7 38. dxe7 Re8 39. f5 Ng5 40. Bg4 Qb6 41. Bxb6 axb6 42. Qc4 1-0

[Event "*** SCC Grand Prix: Titled Tuesday Blitz"]
[Site "Chess.com"]
[Date "2020.06.23"]
[Round "8"]
[White "XiaoKangZhong"]
[Black "JoliyRoger"]
[Result "1-0"]
[WhiteElo "2410"]
[BlackElo "2249"]
[TimeControl "180+1"]
[EndTime "11:35:44 PDT"]
[Termination "XiaoKangZhong won by checkmate"]

1. e4 c6 2. d4 d5 3. e5 Bf5 4.
h4 Qb6 5. g4 Bd7 6. c4 dxc4 7.
Nc3 e6 8. Bxc4 Ne7 9. Nf3 Nd5 10. Qb3 Qc7 11. Be3 Be7 12. g5 O-O 13. h5 Nxc3 14.
bxc3 c5 15. g6 Qc6 16. d5 Qc8 17.
gxf7+ Kh8 18. Ng5 b5 19. Nxh7 bxc4 20. Qc2 Rxf7 21. Qg6 Qg8 22. dxe6 Qxh7 23. Qxf7 Qe4 24. Qxe7 Qxh1+ 25. Ke2 Qxh5+ 26. Kd2 Bc6 27. Qf8+ Kh7 28. e7 Nd7 29. Qf4 Nxe5 30. Rg1 Nf3+ 31. Kc2 Nxg1 32.
Qe5 Re8 33. Qxh5+ Kg8 34. Qg4 Nf3 35. Qe6+ Kh7 36. Qh3+ Kg8 37. Qe6+ Kh7 38. Qxc6 Ne5 39. Qxe8 Ng6 40. Qxg6+ Kxg6 41. e8=Q+ Kf6 42. Qc6+ Kf5 43. Qxc5+ Kg4 44. Qxc4+ Kh3 45. Qa6 g5 46. Qxa7 g4 47. Qh7+ Kg2 48. Qh4 g3 49. Qxg3+ Kf1 50. f4 Ke2 51. Qf2# 1-0

[Event "*** SCC Grand Prix: Titled Tuesday Blitz"]
[Site "Chess.com"]
[Date "2020.06.23"]
[Round "8"]
[White "boasovietica"]
[Black "Schachmalanders"]
[Result "1-0"]
[WhiteElo "2452"]
[BlackElo "2335"]
[TimeControl "180+1"]
[EndTime "11:35:45 PDT"]
[Termination "boasovietica won by checkmate"]

1. e4 c5 2. Nf3 d6 3. Nc3 a6 4. d4 cxd4 5. Nxd4 Nf6 6. Be3 e5 7. Nf3 Be6 8. Nd2 Be7 9. Nc4 b5 10. Nb6 Ra7 11. Nbd5 Rb7 12. Nxf6+ Bxf6 13. Nd5 O-O 14.
Be2 Bg5 15. Bxg5 Qxg5 16. O-O Nd7 17. Ne3 Nc5 18. Qxd6 Nxe4 19. Qc6 Nxf2 20. Rxf2 Rd7 21. Qf3 f5 22. Rd1 Rxd1+ 23. Nxd1 Rd8 24. Rf1 e4 25.
Qe3 Qxe3+ 26. Nxe3 Rd2 27. Bd1 g6 28. Rf2 Rd8 29. g3 a5 30. Kf1 Bxa2 31. Ke1 Be6 32. Rd2 Rc8 33. Rd6 Kf7 34. Rb6 Rc5 35. Be2 b4 36. Rb5 Rxb5 37. Bxb5 g5 38. Nc4 Kf6 39.
Nxa5 f4 40. gxf4 gxf4 41. Nc6 Kg5 42. Nxb4 Kh4 43. Bc6 Bf5 44. Nd5 f3 45. Kf2 Kh3 46. Ne3 Bg6 47. b4 Kxh2 48. b5 h5 49. b6 Bf5 50. b7 Bh3 51. b8=Q+ Kh1 52. Qg3 Bg2 53. Qh4+ Bh3 54. Qxh3# 1-0

[Event "*** SCC Grand Prix: Titled Tuesday Blitz"]
[Site "Chess.com"]
[Date "2020.06.23"]
[Round "8"]
[White "JiiHart"]
[Black "sertalzin"]
[Result "1-0"]
[WhiteElo "2160"]
[BlackElo "2012"]
[TimeControl "180+1"]
[EndTime "11:35:46 PDT"]
[Termination "JiiHart won on time"]

1. e4 c6 2. d4 d5 3. Nc3 dxe4 4. Nxe4 Nf6 5. Ng3 e5 6. Nf3 exd4 7. Qxd4 Qxd4 8. Nxd4 Bc5 9. Nb3 Be7 10. Bd3 O-O 11.
O-O c5 12. Re1 Nc6 13. Be3 b6 14. Nf5 Re8 15. Bb5 Bb7 16. Bg5 Bf8 17. Bxf6 gxf6 18. Rad1 Rad8 19. h3 a6 20. Bf1 b5 21. c3 c4 22. Nbd4 Nxd4 23. Nxd4 Bc5 24. Rxe8+ Rxe8 25. g3 Rd8 26. Bg2 Bxg2 27. Kxg2 Bxd4 28. Rxd4 Rxd4 29. cxd4 b4 30. Kf3 Kf8 31. Ke3 Ke7 32.
d5 Kd6 33. Kd4 c3 34. bxc3 bxc3 35. Kxc3 Kxd5 36. a4 Ke4 37. a5 Kf3 38. Kc4 Kxf2 39.
g4 1-0

[Event "*** SCC Grand Prix: Titled Tuesday Blitz"]
[Site "Chess.com"]
[Date "2020.06.23"]
[Round "8"]
[White "Andreikka"]
[Black "Msb2"]
[Result "1-0"]
[WhiteElo "2951"]
[BlackElo "2844"]
[TimeControl "180+1"]
[EndTime "11:35:49 PDT"]
[Termination "Andreikka won by resignation"]

1. c4 e6 2. Nc3 d5 3. d4 Bb4 4. a3 Bxc3+ 5. bxc3 Nf6 6. e3 c6 7.
Nf3 O-O 8. cxd5 cxd5 9. Bd3 b6 10. Qe2 Ne4 11. Bb2 Nc6 12. O-O Na5 13. Ne5 f6 14.
Ng4 Nd6 15. f3 Ndc4 16. e4 Qc7 17. Rae1 Nxb2 18. Qxb2 Bb7 19. Ne3 Rac8 20. Rc1 Qf4 21. Qe2 Qd6 22. exd5 Bxd5 23. Nxd5 exd5 24. Rfe1 Qd7 25.
Bb5 Qf7 26. a4 Nc4 27. Qe7 Rc7 28. Qb4 a5 29. Qb1 Na3 30. Qb3 Nxb5 31. Qxb5 Rb8 32.
Re3 Qd7 33. Qb3 Rc4 34. Rce1 Qxa4 35. Qb1 Qc6 36. Re6 Qa4 37. Qf5 Rd8 38. Re7 Qc6 39.
Qg4 g6 40. Qf4 Rd7 41. Qh6 Rxe7 42. Rxe7 1-0

[Event "*** SCC Grand Prix: Titled Tuesday Blitz"]
[Site "Chess.com"]
[Date "2020.06.23"]
[Round "8"]
[White "Matibar"]
[Black "Rodalquilar"]
[Result "1-0"]
[WhiteElo "2821"]
[BlackElo "2638"]
[TimeControl "180+1"]
[EndTime "11:35:49 PDT"]
[Termination "Matibar won on time"]

1. d4 Nf6 2. Bg5 Ne4 3. Bf4 c5 4. e3 d5 5. Bd3 Nf6 6. c3 Nc6 7. Nd2 Bg4 8. Ne2 e6 9. Qa4 c4 10. Bb1 Bxe2 11. Kxe2 Bd6 12. Bxd6 Qxd6 13. b3 cxb3 14.
axb3 O-O 15. f4 Rac8 16. Rc1 a6 17. Bd3 Ne7 18. c4 Nf5 19. c5 Qe7 20. Nf1 h5 21. Qa5 h4 22. Qe1 h3 23. g3 g6 24. Kf2 Kg7 25. Kg1 Nd7 26. g4 Nh6 27. Qg3 f5 28. g5 Nf7 29. b4 Rh8 30. Nd2 Nd8 31.
b5 axb5 32. Bxb5 Nc6 33. Nb3 Ra8 34. Qe1 Rhb8 35. Rxa8 Rxa8 36. Ra1 Qd8 37. Kf2 Qh8 38. Rxa8 Qxa8 39. Kg3 Qa2 40. Nd2 Qb2 41. Bxc6 bxc6 42. Kxh3 Nb8 43. Nf3 Na6 44. Qh4 Qe2 45. Qh6+ Kf7 46.
Ne5+ Ke8 47. Qxg6+ Kd8 48. Qf6+ 1-0

[Event "*** SCC Grand Prix: Titled Tuesday Blitz"]
[Site "Chess.com"]
[Date "2020.06.23"]
[Round "8"]
[White "Richarzard69"]
[Black "K-Nygren"]
[Result "0-1"]
[WhiteElo "2302"]
[BlackElo "2537"]
[TimeControl "180+1"]
[EndTime "11:35:49 PDT"]
[Termination "K-Nygren won by resignation"]

1. Nf3 Nf6 2. c4 e6 3. d4 d5 4. g3 dxc4 5. Qa4+ Bd7 6. Qxc4 Bc6 7. Bg2 Nbd7 8. O-O Nb6 9. Qd3 Be4 10. Qd1 Be7 11. Nc3 Bc6 12. Re1 Ne4 13. Ne5 Nxc3 14. Nxc6 bxc6 15. Bxc6+ Kf8 16. bxc3 Rb8 17. Qd3 h5 18. h4 Nd5 19. e4 Nf6 20. e5 Ng4 21. Bg2 g5 22. hxg5 Bxg5 23. Ba3+ Kg7 24. f4 Be7 25.
Bxe7 Qxe7 26. f5 Qg5 27. f6+ Kg8 28. Rab1 Rf8 29. Rb7 h4 30. Reb1 h3 31. Rb8 h2+ 32.
Kf1 h1=Q+ 33. Bxh1 Rxh1+ 34. Kg2 Rxb1 35. Qxb1 Qd2+ 36. Kh3 Nf2+ 37. Kg2 Nd3+ 38. Kh3 Rxb8 39. Qxb8+ Kh7 40. Qf8 Qh6+ 41. Qxh6+ Kxh6 42. Kg4 Kg6 43. Kf3 Nc1 44. Ke4 Nxa2 45. c4 c6 46. d5 cxd5+ 47. cxd5 Nc3+ 48. Kd4 Nxd5 49. Kc5 Kf5 50. Kd6 Nxf6 51. exf6 Kxf6 52. Kc6 e5 0-1

[Event "*** SCC Grand Prix: Titled Tuesday Blitz"]
[Site "Chess.com"]
[Date "2020.06.23"]
[Round "8"]
[White "stanyga"]
[Black "Kezin_Roman"]
[Result "1-0"]
[WhiteElo "2628"]
[BlackElo "2773"]
[TimeControl "180+1"]
[EndTime "11:35:53 PDT"]
[Termination "stanyga won by checkmate"]

1. d4 d5 2. c4 e6 3. Nc3 c6 4.
Nf3 Nf6 5. Bg5 dxc4 6. a4 b5 7. axb5 cxb5 8. Nxb5 Qb6 9. Nc3 Qxb2 10. Bd2 Nd5 11. Nxd5 exd5 12. Rb1 Qa3 13. e4 Bd6 14. exd5 O-O 15. Bxc4 Re8+ 16. Kf1 Ba6 17. Bxa6 Nxa6 18. g3 Nc7 19. Kg2 Nxd5 20. Re1 Qd3 21. Qa4 Rxe1 22.
Rxe1 Bf8 23. Qc6 Rd8 24. Re8 Ne7 25. Qa4 Rxe8 26. Qxe8 Qe4 27. Bb4 h6 28. Bc5 Qb7 29. d5 Ng6 30. Bxf8 Nxf8 31. d6 Qd7 32. Qb8 a6 33. Ne5 Qe6 34. d7 Qd5+ 35. Kh3 Kh7 36. d8=Q Qe6+ 37. Kg2 Ng6 38. Qg8# 1-0

[Event "*** SCC Grand Prix: Titled Tuesday Blitz"]
[Site "Chess.com"]
[Date "2020.06.23"]
[Round "8"]
[White "dey2580"]
[Black "kuba2006"]
[Result "1/2-1/2"]
[WhiteElo "2545"]
[BlackElo "2373"]
[TimeControl "180+1"]
[EndTime "11:35:53 PDT"]
[Termination "Game drawn by repetition"]

1. d4 Nf6 2. Nf3 d6 3. g3 Nbd7 4. Bg2 e5 5. dxe5 dxe5 6. O-O Be7 7. b3 O-O 8. Bb2 Bd6 9. Nbd2 Qe7 10. Nc4 Rd8 11. Nxd6 cxd6 12. c4 a5 13. a3 a4 14. b4 Nb6 15. Rc1 Be6 16. Nd2 Rac8 17. Re1 Bxc4 18. Nxc4 Nxc4 19. Qxa4 b5 20. Qb3 d5 21. e3 Qa7 22. Red1 d4 23. exd4 exd4 24. Bf1 Nxb2 25. Qxb2 Rxc1 26. Rxc1 Ne4 27. Bd3 Nc3 28. Re1 g6 29. h4 Qb7 30. Qd2 Qf3 31. Re7 Rf8 32. Rd7 Qf6 33. Qf4 Qxf4 34. gxf4 Ra8 35. f5 Rxa3 36. f6 Ra8 37. Rxd4 Re8 38. Kg2 Rc8 39.
Rd7 Kf8 40. Rb7 Ke8 41. Bxb5+ Nxb5 42. Rxb5 Rc6 43. Rb8+ Kd7 44. Rh8 Rxf6 45. Rxh7 Kc6 46. h5 gxh5 47. Rxh5 Rf4 48. b5+ Kb6 49. Rd5 Rb4 50.
Kg3 Rxb5 51. Rxb5+ Kxb5 52. Kf4 Kc6 53. Ke5 Kd7 54. Kf6 Ke8 55. f4 Kf8 56. f5 Ke8 57. Ke5 Ke7 58. f6+ Kd7 59. Kd5 Kc7 60. Kc5 Kd7 61.
Kd5 Kc7 62. Kc5 Kd7 63. Kd5 1/2-1/2

[Event "*** SCC Grand Prix: Titled Tuesday Blitz"]
[Site "Chess.com"]
[Date "2020.06.23"]
[Round "8"]
[White "Boninknights"]
[Black "DonBroca"]
[Result "1-0"]
[WhiteElo "2310"]
[BlackElo "2140"]
[TimeControl "180+1"]
[EndTime "11:35:54 PDT"]
[Termination "Boninknights won on time"]

1. d4 Nf6 2. Nf3 g6 3. c4 d6 4. Nc3 Bg7 5. e4 O-O 6. Be2 Nc6 7. d5 Ne5 8. Nxe5 dxe5 9. O-O e6 10. Be3 exd5 11.
cxd5 Nd7 12. Rc1 a6 13. Qc2 Nb6 14. Nb1 f5 15. Qxc7 Nd7 16. Qxd8 Rxd8 17. f3 f4 18. Bf2 b5 19. Rc7 Bf8 20. Rfc1 Bd6 21. R7c6 Nf8 22. Bb6 Bb7 23. Bxd8 Bxc6 24. Rxc6 Rxd8 25.
Rxa6 b4 26. Nd2 g5 27. Nc4 Bc7 28. d6 Bb8 29. Nxe5 Bxd6 30. Bc4+ Kg7 31. Nf7 Bc5+ 32.
Kf1 Rd7 33. Nxg5 h6 34. Ne6+ Nxe6 35. Rxe6 Be3 36. Bd5 Rc7 37. Rc6 Ra7 38. g4 Ra5 39.
h4 Rb5 40. h5 b3 41. Bxb3 Rb4 42. Ke2 Rd4 43. Rc2 Kf6 44. a4 Rb4 45. Rc3 Rd4 46. Rd3 Rb4 47. a5 Rb5 48. a6 Ra5 49. Bc4 Ra1 50. Ra3 Rc1 51. a7 Rc2+ 52. Kd3 Rd2+ 53.
Kc3 1-0

[Event "*** SCC Grand Prix: Titled Tuesday Blitz"]
[Site "Chess.com"]
[Date "2020.06.23"]
[Round "8"]
[White "j2806"]
[Black "Rskaak"]
[Result "1-0"]
[WhiteElo "2060"]
[BlackElo "1684"]
[TimeControl "180+1"]
[EndTime "11:35:54 PDT"]
[Termination "j2806 won by resignation"]

1. e4 e6 2. d4 d5 3. exd5 exd5 4. Bd3 Bd6 5. h3 Ne7 6. Nf3 c6 7. c3 Be6 8. O-O Nd7 9. Re1 Qc7 10. Nbd2 O-O-O 11. Qe2 Rde8 12. Ne5 Nxe5 13. dxe5 Bc5 14. Nb3 Bb6 15.
Nd4 Bd7 16. Bf4 Ng6 17. Bxg6 hxg6 18. Qf3 Be6 19. Rac1 Rh4 20. Bg3 Rh5 21. Nxe6 Rxe6 22. c4 dxc4 23. Rxc4 Qe7 24. Rec1 Rf5 25. Qc3 Qg5 26.
b4 a6 27. a4 Bc7 28. b5 Bxe5 29. Bxe5 Rfxe5 30. bxc6 bxc6 31. Rxc6+ Kd7 32. Rc7+ Ke8 33.
Rc8+ Ke7 34. Qa3+ Kf6 35. Rf1 Qf4 36. Rc3 Re1 37. Rf3 Rxf1+ 38. Kxf1 Qxf3 39. Qxf3+ Ke7 40. Qb7+ Kf6 41. f4 Re7 42. Qxa6+ Re6 43. Qxe6+ Kxe6 44. Kf2 Kd6 45. Kf3 Kc6 46. Ke4 Kb6 47. Kd5 Ka5 48. Kd6 Kxa4 49. Ke7 f6 50. Kf7 g5 51. fxg5 fxg5 52.
Kxg7 Kb5 53. Kg6 Kc5 54. Kxg5 Kd5 55. h4 Ke5 56. h5 Ke6 57. Kg6 Ke7 58. Kg7 Ke6 59.
h6 Kf5 60. h7 Kg4 61. h8=Q 1-0

[Event "*** SCC Grand Prix: Titled Tuesday Blitz"]
[Site "Chess.com"]
[Date "2020.06.23"]
[Round "8"]
[White "MarcoRiehle"]
[Black "Jumbo"]
[Result "0-1"]
[WhiteElo "2718"]
[BlackElo "2854"]
[TimeControl "180+1"]
[EndTime "11:35:55 PDT"]
[Termination "Jumbo won by resignation"]

1. e4 e5 2. Nf3 Nc6 3. d4 exd4 4.
Bc4 Nf6 5. O-O Nxe4 6. Nc3 dxc3 7. Bxf7+ Kxf7 8. Qd5+ Ke8 9. Re1 Qf6 10. Rxe4+ Be7 11. Bg5 Qf7 12. Qb5 a6 13. Qe2 d5 14. Re3 Bg4 15. Re1 d4 16. Re4 Bxf3 17. gxf3 Kd7 18.
Bxe7 Rae8 19. Bh4 cxb2 20. Qd3 Kc8 21. Bg3 Rxe4 22. fxe4 Qxa2 23. Qd1 Rd8 24. e5 Qe6 25. Qb1 h5 26. Qxb2 g5 27. Rb1 b6 28. Qa3 Kb7 29. h3 Qxh3 30. Qa4 Qe6 31. Ra1 a5 32. Qb5 h4 33. Bh2 Rd5 34. Qc4 Qg4+ 35. Kh1 Rc5 36. Qd3 Rc3 37. Qd1 Qe4+ 38. Kg1 h3 39. Qf1 Nxe5 40. Bxe5 Qxe5 41. Re1 Qf5 42. Re2 Rf3 43. Kh1 g4 44. Qd1 Qf4 45. Qd3 Rxd3 46. cxd3 0-1